 Dungeon Crawl Stone Soup version 0.18.1-1-g2f07953 (webtiles) character file.

35 aurelian the Ogre Mage (level 3, 0/31 HPs)
             Began as an Ogre Summoner on May 14, 2016.
             Was an Initiate of Okawaru.
             Succumbed to an adder's poison
             ... on level 2 of the Dungeon.
             The game lasted 00:05:30 (1389 turns).

aurelian the Ogre Mage (Ogre Summoner)              Turns: 1389, Time: 00:05:30

Health: 0/31       AC:  4    Str: 18    XL:     3   Next: 35%
Magic:  5/7        EV: 10    Int: 14    God:    Okawaru [......]
Gold:   17         SH:  0    Dex: 11    Spells: 1 memorised, 7 levels left

rFire  + . .     SeeInvis .     a - +0 club
rCold  + . .     Gourm    .     g - +0 robe
rNeg   . . .     Faith    .     (no shield)
rPois  +         Spirit   .     (helmet restricted)
rElec  +         Dismiss  .     d - +0 cloak
rCorr  +         Reflect  .     (gloves unavailable)
SustAt .         Harm     .     (boots unavailable)
MR     .....                    (no amulet)
Stlth  +.........               (no ring)
                                (no ring)

@: mighty, lethally poisoned (0 -> -5), resistant, very slightly contaminated,
invisible, not resistant to hostile enchantments, very unstealthy
A: unfitting armour, tough skin 1
a: Renounce Religion


You were on level 2 of the Dungeon.
You worshipped Okawaru.
Okawaru was noncommittal.
You were not hungry.

You visited 1 branch of the dungeon, and saw 2 of its levels.

You collected 17 gold pieces.

Inventory:

Hand Weapons
 a - a +0 club (weapon)
 b - a +0 hunting sling
Missiles
 e - 22 stones (quivered)
Armour
 d - a +0 cloak (worn)
 g - a +0 robe (worn)
Scrolls
 f - 3 scrolls of remove curse
 i - 2 scrolls of fear {unknown}
 n - a scroll of noise {unknown}
 p - 4 scrolls of identify
Potions
 m - a potion of might
Books
 h - a book of Callings

   Spells                             Type                      Level
   a - Summon Small Mammal            Summoning                    1
   b - Call Imp                       Summoning                    2
   c - Call Canine Familiar           Summoning                    3
   d - Summon Guardian Golem          Hexes/Summoning              3
   e - Summon Lightning Spire         Summoning/Air                4
   f - Summon Ice Beast               Ice/Summoning                4
Comestibles
 c - a bread ration
 k - 7 chunks of flesh
 o - a meat ration


   Skills:
 + Level 2.6 Maces & Flails
 - Level 1.7 Dodging
 - Level 1.5 Stealth
 - Level 3.2 Spellcasting
 - Level 3.0 Summonings


You had 7 spell levels left.
You knew the following spells:

 Your Spells              Type           Power        Failure   Level  Hunger
a - Summon Small Mammal   Summ           ##..         10%         1    #......


Dungeon Overview and Level Annotations

Branches:
Dungeon (2/15)

Altars:
Okawaru


Innate Abilities, Weirdness & Mutations

You are too large for most types of armour.
You have tough skin (AC +1).


Message History

f - 3 scrolls of remove curse
* * * LOW HITPOINT WARNING * * *
You feel sick. The giant gecko barely misses your bat.
Your bat barely misses the giant gecko.
* * * LOW HITPOINT WARNING * * *
You feel sick.
* * * LOW HITPOINT WARNING * * *
You feel sick.
Your quokka bites the giant gecko.
The giant gecko bites your quokka.
Your bat hits the giant gecko.
Your bat hits the giant gecko but does no damage.
Your bat hits the giant gecko.
The giant gecko dies!
Okawaru accepts your kill.
* * * LOW HITPOINT WARNING * * *
You feel sick.
* * * LOW HITPOINT WARNING * * *
You feel sick.
You see here 9 gold pieces.
You die...

###.. ### ........
..#
....(...####.######
.... ............#
###.####.##...##...
##.....##..r........
#.......#.b#...##..
#.#.......#.$##.##
#....._....@.##r#
#.#.......#..##.#
#.......#..##b#
##.....##.....#
####.####...###
.....(....#......
#######.....#####
#.##### ######.#


You could see a friendly quokka and a friendly bat.

Vanquished Creatures
  An adder (D:2)
  An ooze (D:1)
  A giant gecko (D:1)
  3 giant cockroaches (D:1)
  2 goblins
  3 hobgoblins
  2 bats (D:1)
  2 giant newts
  A kobold (D:1)
  A rat (D:1)
17 creatures vanquished.

Vanquished Creatures (collateral kills)
  A gnoll (D:1)
  A giant gecko (D:2)
  A giant cockroach (D:1)
  A goblin (D:2)
  2 hobgoblins (D:1)
  3 rats (D:1)
9 creatures vanquished.

Grand Total: 26 creatures vanquished

Notes
Turn   | Place    | Note
--------------------------------------------------------------
     0 | D:1      | aurelian the Ogre Summoner began the quest for the Orb.
     0 | D:1      | Reached XP level 1. HP: 16/16 MP: 3/3
   212 | D:1      | Reached XP level 2. HP: 12/24 MP: 0/6
   418 | D:1      | Reached skill level 1 in Maces & Flails
  1238 | D:2      | Reached XP level 3. HP: 31/31 MP: 5/7
  1341 | D:2      | Found an iron altar of Okawaru.
  1363 | D:2      | Became a worshipper of Warmaster Okawaru
  1385 | D:2      | HP: 1/31 [poisoned by an adder]
  1389 | D:2      | Succumbed to an adder's poison

Skill      XL: |  1  2 |
---------------+-------+-----
Summonings     | 3 |  3.0
Spellcasting   | 3 |  3.2
Maces & Flails | 2 |  2.6
Dodging        | |  1.7
Stealth        | |  1.5

Action                   || total
-------------------------++-------
Melee: Unarmed           ||    26
       Club              ||    59
 Fire: Hunting sling     ||     1
Throw: Stone             ||     1
 Cast: Summon Small Mamm ||    42
  Use: Potion            ||     3
       Scroll            ||     1
 Stab: Invisible         ||     1
  Eat: Chunk             ||     2
Armor: Robe              ||    37
Dodge: Dodged            ||    64
